 Dungeon Crawl Stone Soup version 0.32-a0-814-g0968bab981 (console) character file.

Game seed: 9265693578924083162

316593 petzl the Thaumaturge (level 22, -26/168 HPs)
             Began as a Formicid Delver on Mar 22, 2024.
             Was the Champion of Vehumet.
             Killed from afar by a deep elf pyromancer (33 damage)
             ... with a bolt of fire
             ... on level 2 of the Elven Halls on Mar 25, 2024.
             The game lasted 07:47:56 (71637 turns).

petzl the Thaumaturge (Formicid Delver)            Turns: 71637, Time: 07:47:56

Health: -26/168    AC: 28    Str: 19      XL:     22   Next: 75%
Magic:  5/40       EV: 17    Int: 25      God:    Vehumet [******]
Gold:   939        SH: 12    Dex: 14 (15) Spells: 8/50 levels left

rFire   . . .        b - +7 lajatang "Vish" {spect, Int+5}
rCold   + . .        t - +0 buckler {AC+3}
rNeg    . . .        p - +7 swamp dragon scales
rPois   +            (helmet unavailable)
rElec   .            D - scarf {+Inv}
rCorr   .            O - +2 pair of gloves of Baldness {Str+3}
SInv    +            e - +0 pair of boots
Will    +++..        T - amulet "Ziwaon" {Reflect rC+ SH+5}
Stlth   ++++         q - ring of willpower
HPRegen 0.48/turn    u - +5 ring of evasion
MPRegen 0.27/turn

%: reflection
@: studying 2 skills
A: permanent stasis, dig shafts and tunnels, antennae 3, four strong arms,
iridescent scales 1, deterioration 1, weak 1
}: 1/15 runes: decaying
a: Dig, Shaft Self, Renounce Religion, Evoke Invisibility


You were on level 2 of the Elven Halls.
You worshipped Vehumet.
Vehumet was exalted by your worship.
You visited 9 branches of the dungeon, and saw 38 of its levels.
You visited 1 bazaar.
You also visited: Bailey and Ice Cave.

You collected 3932 gold pieces.
You spent 2993 gold pieces at shops.

Inventory:

Hand Weapons
 a - a +6 arbalest of freezing
 b - the +7 lajatang "Vish" (weapon) {spect, Int+5}
   (You found it on level 14 of the Dungeon)

   Int+5:     It affects your intelligence (+5).
 c - the +8 broad axe of Checks and Balances {flame, Stlth+, !f =f}
   (You found it on level 1 of the Spider Nest)

   Stlth+:    It makes you more stealthy.
 d - a +0 longbow of chaos
 f - a +2 antimagic longbow
 g - the +3 sling of the Endless Places {elec, rPois rF+ rN+}
   (You found it on level 4 of the Vaults)

   rF+:       It protects you from fire.
   rPois:     It protects you from poison.
   rN+:       It protects you from negative energy.
 E - the +9 flail of Causality {heavy, rElec Str+4}
   (You found it on level 1 of the Vaults)

   Str+4:     It affects your strength (+4).
   rElec:     It insulates you from electricity.
Missiles
 o - 5 silver javelins
 G - 3 curare-tipped darts (quivered)
 Y - 4 throwing nets
Armour
 e - a +0 pair of boots (worn)
 n - a +2 buckler
 p - +7 swamp dragon scales (worn)
 t - a +0 buckler of protection (worn)
 D - a scarf of invisibility (worn)
 O - the +2 pair of gloves of Baldness (worn) {Str+3}
   (You found it on level 11 of the Dungeon)

   Str+3:     It affects your strength (+3).
Magical Staves
 w - the staff "Cop Tas" {rC+ Will++ Ice}
   (You found it in an ice cave)

   [staff of cold]

   Base accuracy: +5 Base damage: 5 Base attack delay: 1.2 This weapon's minimum
   attack delay (0.6) is reached at skill level 12.
   rC+:       It protects you from cold.
   Will++:    It greatly increases your willpower.
   Ice:       It increases the power of your Ice spells.
   It falls into the 'Staves' category.
   It is a weapon for one hand-pair.
Jewellery
 m - a ring of flight
 q - a ring of willpower (left hand)
 u - a +5 ring of evasion (right hand)
 I - an amulet of the acrobat
 Q - a ring of wizardry
 T - the amulet "Ziwaon" (around neck) {Reflect rC+ SH+5}
   (You bought it in a shop on level 3 of the Dungeon)

   [amulet of reflection]

   Reflect:   It reflects blocked missile attacks.
   rC+:       It protects you from cold.
   SH+5:      It affects your SH (+5).
Wands
 j - a wand of light (7)
 l - a wand of mindburst (15)
 x - a wand of polymorph (5)
 y - a wand of charming (49)
 R - a wand of iceblast (17)
Scrolls
 i - 2 scrolls of amnesia
 s - a scroll of butterflies
 v - 3 scrolls of revelation
 J - 6 scrolls of poison
 K - 7 scrolls of identify
 P - a scroll of fear
Potions
 h - a potion of might
 z - a potion of cancellation
 A - a potion of magic {unknown}
 B - 4 potions of resistance
 C - 5 potions of brilliance
 H - a potion of heal wounds
 L - 2 potions of enlightenment
 U - 3 potions of lignification
Miscellaneous
 M - a condenser vane
 W - a sack of spiders (inert)
 X - a phial of floods (inert)


   Skills:
 + Level 12.9 Fighting
 - Level 2.0 Short Blades
 - Level 2.0(6.6) Maces & Flails
 + Level 10.0(10.1) Staves
 - Level 8.0 Ranged Weapons
 + Level 12.4 Armour
 + Level 6.8 Dodging
 - Level 12.0 Stealth
 + Level 11.4 Shields
 + Level 14.5 Spellcasting
 + Level 14.4 Conjurations
 - Level 8.0 Necromancy
 - Level 8.0 Translocations
 * Level 13.0 Fire Magic
 - Level 6.5 Air Magic
 - Level 8.0 Alchemy
 - Level 14.0 Evocations


You had 8 spell levels left.
You knew the following spells:

 Your Spells              Type           Power      Damage    Failure   Level
a - Apportation           Tloc           100%       N/A       1%          1
b - Fireball              Conj/Fire      36%        3d15      1%          5
c - Iskenderun's Mystic   Conj/Tloc      65%        2d13      1%          4
d - Plasma Beam           Fire/Air       30%        2x1d43    4%          6
m - Mephitic Cloud        Conj/Alch/Air  61%        N/A       1%          3
o - Orb of Destruction    Conj           37%        9d11      3%          7
s - Sticky Flame          Fire/Alch      63%        2d11      1%          4
u - Sublimation of Blood  Necr           55%        N/A       1%          2
v - Mercury Vapours       Alch/Air       100%       N/A       1%          2
I - Ignite Poison         Fire/Alch      63%        N/A       1%          4
T - Olgreb's Toxic Radia  Alch           55%        N/A       1%          4

Your spell library contained the following spells:

 Spells                   Type           Power      Damage    Failure   Level
 Fire Storm               Conj/Fire      36%        8d9       98%         9
 Chain Lightning          Conj/Air       31%        3d42      100%        9
 Shatter                  Erth           9%         3d11*     100%        9
 Magic Dart               Conj           100%       1d8       0%          1
 Searing Ray              Conj           100%       2d8       0%          2
 Freeze                   Ice            72%        1d8       1%          1
 Necrotise                Necr           100%       1d9       1%          1
 Shock                    Conj/Air       100%       1d9       1%          1
 Sting                    Conj/Alch      100%       1d9       1%          1
 Lesser Beckoning         Tloc           100%       N/A       1%          2
 Momentum Strike          Conj/Tloc      100%       3d10      1%          2
 Dazzling Flash           Conj/Hex       100%       N/A       1%          3
 Hailstorm                Conj/Ice       52%        3d10      1%          3
 Inner Flame              Hex/Fire       50%        N/A       1%          3
 Vampiric Draining        Necr           55%        2d9       1%          3
 Volatile Blastmotes      Fire/Tloc      100%       2d18      1%          3
 Airstrike                Air            25%        2d(4-20)  1%          4
 Flame Wave               Conj/Fire      72%        2d16      1%          4
 Manifold Assault         Tloc           55%        N/A       1%          4
 Arcjolt                  Conj/Air       31%        1d41      1%          5
 Iskenderun's Battlesphe  Conj           74%        2d12      1%          5
 Starburst                Conj/Fire      36%        6d11      1%          6
 Summon Blazeheart Golem  Fire/Summ      50%        N/A       3%          4
 Conjure Ball Lightning   Conj/Air       31%        3x3d10    3%          6
 Frozen Ramparts          Ice            36%        1d6       4%          3
 Slow                     Hex            72%        N/A       5%          1
 Summon Small Mammal      Summ           72%        N/A       5%          1
 Curse of Agony           Necr           55%        N/A       5%          5
 Call Imp                 Summ           36%        N/A       9%          2
 Anguish                  Hex/Necr       19%        N/A       11%         4
 Dimensional Bullseye     Hex/Tloc       19%        N/A       11%         4
 Bombard                  Conj/Erth      26%        9d5       11%         6
 Call Canine Familiar     Summ           18%        N/A       16%         3
 Confusing Touch          Hex            18%        N/A       16%         3
 Passwall                 Erth           18%        N/A       16%         3
 Sigil of Binding         Hex            18%        N/A       16%         3
 Tukima's Dance           Hex            18%        N/A       16%         3
 Dispersal                Tloc           27%        N/A       30%         6
 Silence                  Hex/Air        17%        N/A       36%         5
 Ignition                 Fire           35%        3d11      38%         8
 Cause Fear               Hex            9%         N/A       47%         4
 Spellforged Servitor     Conj/Summ      26%        N/A       50%         7
 Maxwell's Capacitive Co  Air            25%        ∞         99%         8
 Enfeeble                 Hex            9%         N/A       100%        7
 Summon Hydra             Summ           9%         N/A       100%        7
 Discord                  Hex            9%         N/A       100%        8
 Disjunction              Tloc           27%        N/A       100%        8
 Blink                    Tloc           Unusable   N/A       N/A         2
 Swiftness                Air            Unusable   N/A       N/A         3
 Vhi's Electric Charge    Tloc/Air       Unusable   N/A       N/A         4

Dungeon Overview and Level Annotations

Branches:
Dungeon (15/15)            Temple (1/1) D:4            Lair (5/5) D:10
  Swamp (4/4) Lair:3       Spider (2/4) Lair:3        Slime (0/5) Lair:5
    Orc (2/2) D:9             Elf (3/3) Orc:2        Vaults (5/5) D:13
  Crypt (0/3) Vaults:2     Depths (1/4) D:15         Bailey (visited)
  IceCv (visited)

Altars:
Ashenzari
Cheibriados
Dithmenos
Elyvilon
Fedhas
Gozag
Hepliaklqana
Kikubaaqudgha
Makhleb
Nemelex Xobeh
Okawaru
Qazlal
Ru
Sif Muna
Trog
Uskayaw
Vehumet
Wu Jian
Xom
Yredelemnul
Zin
The Shining One
Beogh

Shops:
D:3 [[*=   D:6 :   D:14 ?   D:15 **   Orc:2 ((=*[   Vaults:1 [

Annotations:
D:14 exclusions: downstairs and upstairs
Lair:5 exclusion: obsidian statue
Spider:1 exclusion: 3 downstairs
Spider:2 Arachne; Azrael
Orc:1 1 runed translucent door
Orc:2 1 runed translucent door, smashvw's ghost, journeyman GrMo
Vaults:5 !L5


Innate Abilities, Weirdness & Mutations

You cannot be hasted, slowed, berserked, paralysed or teleported.
You can dig through walls and to a lower floor.
You have a pair of large antennae on your head. (SInv)
Your four strong arms can wield two-handed weapons with a shield.
You are partially covered in iridescent scales. (AC +2)
Your body sometimes deteriorates upon taking damage.
You are weak. (Str -2)


Message History

The deep elf knight gestures wildly while chanting.
The deep elf knight flickers and vanishes for a moment.
The deep elf pyromancer casts a spell.
The deep elf pyromancer blinks!
The +3 halberd of venom closely misses you.
The +1 spectral quick blade hits you but does no damage. x3
The +1 spectral quick blade hits you.
* * * LOW HITPOINT WARNING * * *
Your jumping spider pounces on the fire elemental!
Your jumping spider splashes around in the water.
The +1 war axe of freezing moves out of view.
Unknown command.
Unknown command.
You feel better.
The +0 short sword of draining hits your jumping spider!
The +0 short sword of draining drains your jumping spider.
You block the +1 spectral quick blade's attack.
The +1 spectral quick blade hits you but does no damage.
You block the +1 spectral quick blade's attack.
The +1 spectral quick blade hits you but does no damage.
The +3 halberd of venom hits you from afar!!
* * * LOW HITPOINT WARNING * * *
The +0 short sword of draining hits your jumping spider!
The +0 short sword of draining drains your jumping spider.
The deep elf pyromancer casts a spell at you.
The bolt of fire hits your jumping spider!!
Your jumping spider dies!
Your jumping spider's corpse disappears in a puff of smoke!
The bolt of fire hits you!
* * * LOW HITPOINT WARNING * * *
The deep elf knight unwields a +0 short sword.
The deep elf knight wields a +1 shortbow of draining.
You sense an unholy aura.
The deep elf knight shoots an arrow.
The arrow misses you.
A deep elf knight comes into view. It is wielding a +0 long sword.
The deep elf pyromancer casts a spell at you.
The bolt of fire hits the fire elemental.
The fire elemental completely resists.
The bolt of fire hits the +1 spectral quick blade.
The +1 spectral quick blade resists.
The bolt of fire hits you!!
You die...

,,,,,,,,,,,,,,,,,,,,,,**
,,,,,,,,,,,,,,,,,,,,,,,*
,,,,,,,,,,,,,,,,,,,,,,**
,,,,,,,,,,,,,,,,,,,,,,,*
,,,,,,,,,,,,,,,,,,,,,,**
,,,,,,,,,,,,,,,,,,,,,**
,,,,,,,,,,,,,,,,,,,,,*
,,,,,,,,,,,,,,,,,,,,,**
,,,,,,,,,,,,,,,,,,,,,,**
,,,,,,,,,,,,,,,,,,,,,,,*
,,,,,,,,,,,,,,,,,,,,,,**
,,,,,,,,,,,,,,,,,....e,*
,,,,,,,,,,,,,,,,{{...e**
,,,,,,,,,,,,,,,,,,...#*
,,,*,,,,,,,,,,,,,*,..##
,,***,,,,,,,,,..###...#####
,** **,,,,,,,..#####...####
,,***,,,,,,,,...###...#####
,,,*,,,,,,,,,..§.#..@######
,,,,,,,,,,,,,...§s)((######
,,,,,,,,,,,,,.e.s.E§(E#####
,,,,,,,,,,,,,....°.(°§~####
,,,,,,,,,,,,,....○.)○e#####
,,,,,,,,,,,,,.e.°e.~°######
,,,,,,,,,,,,,......°.######
,,,,,,,,,,,,,.°...°...#####
,,,,,,,,,,,,,..........####
,,,,,,,,,,,,,........{#####
,,,,,,,,,,,,,........######
,,,**,,,,,,,,...##...######
,,*****,,,,,,.#####...#####
,** **,,,,,** **,,,*
,,*****,,,,,,,*****,,,,*
,,,**,,,,,,,,,,,**,,,,,*
,,,,,,,,,,,,,,,,,,,,,,**
,,,,,,,,,,,,,,,,,,,,,**
*,,,,,,,,,,,,,,,,,,,**


You could see 2 deep elf knights, 3 deep elf pyromancers, a deep elf
zephyrmancer (ally target), 2 fire elementals, a +1 spectral quick blade, 3
dancing weapons and 2 friendly jumping spiders.

Vanquished Creatures
  Sojobo (Vaults:2)
  Margery (Vaults:2)
  Norris (Vaults:2)
  Rupert (Spider:1)
  A hellephant (Vaults:2)
  3 liches
  A sphinx (Vaults:3)
  2 thorn hunters
  3 tengu reavers (Vaults:2)
  Kirke (D:12)
  Aizul (Elf:2)
  Roxanne (Spider:1)
  A fenstrider witch (Swamp:4)
  2 deep elf sorcerers
  10 vault wardens
  A very ugly thing (Vaults:4)
  11 orc warlords
  3 ghouls
  17 ironbound preservers
  11 ironbound thunderhulks
  2 formless jellyfish (Vaults:3)
  2 eleionomae
  2 vampire knights (Vaults:2)
  A stone giant (Vaults:4)
  Nessos (D:12)
  A deep elf demonologist (Elf:3)
  A deep elf annihilator (Elf:1)
  3 deep elf death magi
  4 bunyips
  A war gargoyle (Vaults:2)
  19 dire elephants
  3 ettins
  2 shambling mangroves
  10 yaktaur captains
  3 entropy weavers
  A ragged hierophant (Vaults:2)
  Fannar (Orc:1)
  8 vault guards
  6 great orbs of eyes
  25 hydras
  4 deep elf high priests
  A catoblepas (Lair:3)
  An ogre mage (Vaults:3)
  6 ghost crabs
  A jorogumo (Spider:1)
  2 radroaches
  5 alligators
  2 peacekeepers (Vaults:3)
  9 ironbound frosthearts
  The ghost of cordlesssteve the Skirmisher, a journeyman KoHu of Fedhas (D:10)
  5 centaur warriors
  8 dancing weapons
  5 boulder beetles
  3 two-headed ogres
  12 death yaks
  3 deep troll earth magi (Vaults:3)
  2 demonic crawlers (Spider:1)
  2 tengu warriors (D:15)
  5 orc high priests
  A spectral dire elephant (Lair:5)
  A spriggan berserker (Swamp:4)
  An occultist (D:15)
  3 deep elf knights
  3 skysharks
  4 hell knights
  3 pharaoh ants
  7 goliath frogs
  57 deep trolls
  A spectral anaconda (Lair:5)
  8 spriggan druids
  10 swamp dragons
  3 glowing orange brains
  9 deep elf archers
  4 orb spiders
  13 arcanists
  8 necromancers
  12 bog bodies
  14 lindwurms
  12 deep elf zephyrmancers
  A thermic dynamo (Elf:2)
  19 orc knights
  21 ironbound convokers
  12 wolf spiders
  16 deep elf pyromancers
  Pikel (D:5)
  5 orc sorcerers
  A steelbarb worm (Spider:1)
  3 harpies (Vaults:3)
  An obsidian bat (Orc:1)
  20 ugly things
  5 will-o-the-wisps
  A manticore (D:15)
  25 elephants
  A meliai (shapeshifter) (D:15)
  4 cyclopes
  A moth of wrath (Spider:2)
  3 kobold blastminers
  A human skeleton (Vaults:3)
  17 vault sentinels
  5 black mambas
  2 gargoyles
  A torpor snail (Lair:5)
  An ice statue (IceCv)
  13 cane toads
  3 naga magi (Vaults:2)
  A dire elephant skeleton (Lair:5)
  An unseen horror (D:11)
  9 komodo dragons
  24 yaktaurs
  Jeremiah (Lair:1)
  An unseen horror zombie (D:8)
  4 rime drakes
  A tengu conjurer (Vaults:2)
  5 trolls
  A bloated husk (Swamp:3)
  8 tyrant leeches
  2 saltlings (Vaults:2)
  Grinder (D:5)
  6 hornets
  14 tarantellas
  16 polar bears
  13 blink frogs
  7 dream sheep
  54 slime creatures
  Sigmund (D:3)
  A stone giant simulacrum (Vaults:3)
  A shadow (D:11)
  5 spriggans
  2 vampires
  3 wyverns
  8 culicivoras
  5 air elementals
  23 jumping spiders
  A yak (shapeshifter) (D:15)
  2 fire bats (Lair:3)
  A wyvern (shapeshifter) (D:14)
  49 yaks
  6 wraiths
  4 basilisks
  18 humans (D:13)
  A fire elemental (Lair:3)
  15 redbacks
  4 hogs
  A death yak simulacrum (Lair:5)
  7 vampire mosquitoes
  14 swamp worms
  A naga (Bazaar)
  An acid dragon (D:9)
  3 hell hounds
  12 water moccasins
  2 sky beasts (D:8)
  Duvessa (D:4)
  3 elephant zombies (Lair:5)
  9 swamp drakes
  8 ogres
  4 black bears
  26 orc warriors
  14 wolves (IceCv)
  4 boggarts (Lair:3)
  5 laughing skulls
  7 centaurs
  A phantom (D:5)
  4 lemures (D:5)
  3 kobold brigands
  An ogre simulacrum (Vaults:3)
  4 scorpions
  15 bullfrogs
  A gnoll sergeant (D:9)
  An earth elemental (Elf:1)
  2 cane toad simulacra (Lair:5)
  13 wights
  Dowan (D:4)
  An elephant simulacrum (Lair:5)
  6 killer bees
  An electric eel (Elf:3)
  4 howler monkeys
  A centaur zombie (D:8)
  A crimson imp (D:11)
  4 hounds
  A human simulacrum (Vaults:3)
  2 jellies
  12 orc priests
  2 bombardier beetles
  2 sleepcaps (D:5)
  2 gnoll boudas
  5 iguanas
  8 orc wizards
  8 adders
  16 gnolls
  A shadow imp (D:6)
  12 white imps
  An ufetubus (D:6)
  3 dart slugs
  5 ribbon worms
  54 orcs
  6 ball pythons
  4 bats
  4 endoplasms
  3 giant cockroaches
  7 goblins
  7 hobgoblins
  6 jackals
  25 kobolds
  8 quokkas
  3 training dummies (Orc:2)
  2 frilled lizards
  6 rats
  3 spectral weapons
1326 creatures vanquished.

Vanquished Creatures (collateral kills)
  A deep elf pyromancer (Elf:2)
  A deep elf zephyrmancer (Elf:2)
2 creatures vanquished.

Vanquished Creatures (others)
  An ironbound preserver (Vaults:2)
  2 bloated husks
  2 vampire mosquitoes (Swamp:1)
  A swamp drake (Swamp:1)
  An ufetubus (D:6)
  19 foxfires
  12 spectral weapons
38 creatures vanquished.

Grand Total: 1366 creatures vanquished

Notes
Turn   | Place    | Note
-------+----------+-------------------------------------------
     0 | D:5      | petzl the Formicid Delver began the quest for the Orb.
     0 | D:5      | Reached XP level 1. HP: 18/18 MP: 1/1
     2 | D:5      | Noticed a scorpion
     5 | D:5      | Noticed a sleepcap
    13 | D:4      | Noticed an iguana
    27 | D:4      | Noticed an orc wizard
    29 | D:4      | Noticed a hound
    48 | D:3      | Noticed Sigmund
   208 | D:1      | Reached skill level 1 in Spellcasting
   414 | D:1      | Reached XP level 2. HP: 24/24 MP: 2/4
   909 | D:2      | Identified the +6 sling of the Invisible Quests {freeze,
                  | rN+ Int+5}
  1176 | D:3      | Found Umoemn Pafe's General Store.
  1308 | D:3      | Found a white marble altar of Elyvilon.
  1308 | D:3      | Found a sacrificial altar of Ru.
  1427 | D:3      | Reached skill level 1 in Armour
  1427 | D:3      | Reached XP level 3. HP: 29/29 MP: 4/6
  1430 | D:3      | Reached skill level 1 in Ranged Weapons
  1430 | D:3      | Reached XP level 4. HP: 32/37 MP: 4/7
  1524 | D:3      | Found Vaxi Tatir's Armour Shoppe.
  1623 | D:3      | Found an opulent altar of Gozag.
  1731 | D:3      | Bought a +0 rapier of venom for 81 gold pieces
  1888 | D:2      | Reached XP level 5. HP: 42/42 MP: 8/8
  1921 | D:2      | Found a stormy altar of Qazlal.
  2020 | D:2      | Found a faded altar of an unknown god.
  2021 | D:2      | Noticed a shining eye
  2023 | D:2      | Noticed a shining eye
  2023 | D:2      | Noticed a great orb of eyes
  2023 | D:2      | Noticed a great orb of eyes
  2708 | D:4      | Noticed Dowan
  2881 | D:3      | Found Miugoqisk's Jewellery Emporium.
  2956 | D:3      | Reached XP level 6. HP: 44/45 MP: 10/10
  3046 | D:3      | Found Maez's Armour Shop.
  3170 | D:4      | Noticed Duvessa
  3206 | D:3      | Reached skill level 1 in Evocations
  3313 | D:4      | Reached skill level 1 in Short Blades
  3383 | D:5      | Noticed a black bear
  3484 | D:4      | Reached XP level 7. HP: 54/54 MP: 11/11
  3487 | D:4      | Found a staircase to the Ecumenical Temple.
  3496 | Temple   | Entered the Ecumenical Temple
  3523 | Temple   | Became a worshipper of Vehumet
  3599 | D:5      | Noticed Grinder
  3996 | D:4      | Killed Dowan
  3999 | D:4      | You fall into a shaft and drop 1 floor!
  4113 | D:5      | Reached XP level 8. HP: 61/61 MP: 13/13
  4128 | D:5      | Learned a level 4 spell: Sticky Flame
  4146 | D:5      | Noticed Pikel
  4194 | D:5      | Killed Pikel
  4252 | D:5      | Killed Grinder
  4253 | D:5      | Reached skill level 5 in Alchemy
  4296 | D:5      | Reached XP level 9. HP: 64/66 MP: 14/14
  4332 | D:5      | Reached * piety under Vehumet
  4332 | D:5      | Offered knowledge of Kiss of Death by Vehumet.
  4499 | D:5      | Found a burning altar of Makhleb.
  4683 | D:4      | You fall into a shaft and drop 1 floor!
  4754 | D:4      | Killed Duvessa
  4965 | D:6      | Reached skill level 5 in Armour
  5087 | D:6      | Found a stormy altar of Qazlal.
  5167 | D:6      | Reached skill level 5 in Fire Magic
  5334 | D:6      | Found a shadowy altar of Dithmenos.
  5384 | D:6      | Found Wamazoid's Tiny Tomes.
  5389 | D:6      | Bought the Information on the Traveller for 48 gold pieces
  5391 | D:6      | Learned a level 1 spell: Apportation
  5547 | D:6      | Found a sparkling altar of Nemelex Xobeh.
  5670 | D:3      | Killed Sigmund
  5828 | D:7      | Reached skill level 1 in Translocations
  5977 | D:7      | Found a shimmering blue altar of Sif Muna.
  5984 | D:7      | Offered knowledge of Magic Dart by Vehumet.
  6064 | D:7      | Reached XP level 10. HP: 71/73 MP: 15/15
  6094 | D:7      | Reached ** piety under Vehumet
  6842 | D:8      | You fall into a shaft and drop 2 floors!
  6842 | D:10     | Entered Level 10 of the Dungeon
  7042 | D:10     | Found a flagged portal.
  7055 | D:10     | Found a large runed translucent door.
  7056 | D:10     | Identified the +4 hand axe "Geamid" {drain, *Corrode Will+
                  | Str+3}
  7058 | D:10     | Found a large runed translucent door.
  7063 | Bailey   | Entered a bailey
  7094 | Bailey   | Noticed an orc warlord
  7257 | Bailey   | Reached skill level 5 in Fighting
  7308 | Bailey   | Found a runed translucent gate.
  7311 | Bailey   | Found a runed translucent gate.
  7312 | Bailey   | Found a runed translucent gate.
  7398 | Bailey   | Offered knowledge of Mercury Vapours by Vehumet.
  7402 | Bailey   | Learned a level 2 spell: Mercury Vapours
  7657 | D:9      | Acquired 823 gold pieces
  7807 | D:9      | Found a staircase to the Orcish Mines.
  8440 | D:8      | Reached *** piety under Vehumet
  8508 | D:8      | Found a basalt altar of Yredelemnul.
  8740 | D:9      | You fall into a shaft and drop 1 floor!
  8883 | D:9      | You fall into a shaft and drop 3 floors!
  8930 | D:12     | Noticed a boulder beetle
  9008 | D:11     | Noticed a gargoyle
  9019 | D:11     | Noticed a komodo dragon
  9149 | D:9      | You fall into a shaft and drop 1 floor!
  9149 | D:10     | Found an ancient bone altar of Kikubaaqudgha.
  9306 | D:10     | Found a staircase to the Lair.
  9332 | D:10     | Found a hide-covered altar of Uskayaw.
  9404 | D:10     | Noticed cordlesssteve's ghost (journeyman KoHu)
  9442 | D:12     | Reached skill level 1 in Air Magic
  9514 | D:12     | Noticed Kirke
  9771 | D:9      | Reached skill level 5 in Evocations
  9771 | D:9      | Reached XP level 11. HP: 78/80 MP: 17/17
  9793 | Orc:1    | Entered Level 1 of the Orcish Mines
  9793 | Orc:1    | Noticed Fannar
  9919 | D:9      | You fall into a shaft and drop 1 floor!
  9977 | Lair:1   | Entered Level 1 of the Lair of Beasts
 10029 | D:10     | You fall into a shaft and drop 2 floors!
 10586 | D:10     | Offered knowledge of Mephitic Cloud by Vehumet.
 10591 | D:10     | Learned a level 3 spell: Mephitic Cloud
 10815 | D:10     | Reached skill level 5 in Spellcasting
 10942 | D:10     | Found a glowing silver altar of Zin.
 11433 | D:11     | Noticed a two-headed ogre
 11475 | D:11     | Reached skill level 5 in Ranged Weapons
 11538 | D:11     | Reached skill level 1 in Conjurations
 11544 | D:11     | Identified the +2 pair of gloves of Baldness {Str+3}
 11579 | D:11     | Learned a level 7 spell: Orb of Destruction
 11848 | D:11     | Noticed an arcanist
 11855 | D:11     | Killed an arcanist
 12337 | Lair:1   | Reached XP level 12. HP: 59/89 MP: 16/20
 12508 | Lair:1   | Noticed Jeremiah
 12904 | Lair:1   | Gained mutation: You are partially covered in iridescent
                  | scales. (AC +2) [potion of mutation]
 12904 | Lair:1   | Gained mutation: You are weak. (Str -2) [potion of
                  | mutation]
 12904 | Lair:1   | Gained mutation: Your body sometimes deteriorates upon
                  | taking damage. [potion of mutation]
 13081 | Lair:1   | Reached skill level 5 in Dodging
 13088 | Lair:1   | Reached **** piety under Vehumet
 13312 | Lair:1   | Offered knowledge of Fireball by Vehumet.
 13319 | Lair:1   | Learned a level 5 spell: Fireball
 14693 | Lair:2   | Reached skill level 5 in Conjurations
 14906 | Lair:3   | Reached XP level 13. HP: 97/97 MP: 22/24
 14951 | Lair:3   | Found a staircase to the Swamp.
 15141 | Lair:3   | Found a transporter.
 15614 | Lair:3   | Reached ***** piety under Vehumet
 15614 | Lair:3   | Offered knowledge of Ignite Poison by Vehumet.
 15620 | Lair:3   | Learned a level 4 spell: Ignite Poison
 15623 | Lair:3   | Noticed a five-headed hydra
 15845 | Lair:3   | Noticed a catoblepas
 16072 | Lair:3   | Noticed a six-headed hydra
 16200 | Lair:3   | Found a transporter.
 16522 | Lair:3   | Found a hole to the Spider Nest.
 17145 | Lair:4   | Reached XP level 14. HP: 97/108 MP: 22/27
 17439 | Lair:3   | Reached skill level 10 in Spellcasting
 17624 | Lair:3   | Learned a level 4 spell: Iskenderun's Mystic Blast
 18435 | Lair:5   | Entered Level 5 of the Lair of Beasts
 18667 | Lair:4   | Identified the +1 flail of Success {speed, rN+++ Str-2}
 19231 | Lair:5   | Found a staircase to the Slime Pits.
 19779 | Lair:5   | Reached skill level 10 in Fighting
 20485 | Lair:5   | Noticed a dire elephant
 20485 | Lair:5   | Noticed a dire elephant
 20485 | Lair:5   | Noticed a dire elephant
 20485 | Lair:5   | Noticed a dire elephant
 20496 | Lair:5   | Noticed a dire elephant
 20778 | Lair:5   | Killed a dire elephant
 20779 | Lair:5   | Reached skill level 10 in Evocations
 20954 | Lair:5   | Noticed a dire elephant
 21334 | Lair:5   | Killed a dire elephant
 21496 | Lair:5   | Reached skill level 1 in Shields
 22499 | Lair:5   | Reached XP level 15. HP: 115/115 MP: 6/30
 22629 | Lair:5   | Reached skill level 10 in Conjurations
 24145 | Lair:3   | You fall into a shaft and drop 2 floors!
 24446 | Lair:1   | Killed Jeremiah
 24741 | D:10     | Killed an orc warlord
 25861 | D:12     | Killed Kirke
 26395 | D:14     | Found Obyffura's Magic Scroll Shoppe.
 26400 | D:14     | Bought a scroll of poison for 44 gold pieces
 26400 | D:14     | Bought a scroll of fear for 44 gold pieces
 26400 | D:14     | Bought a scroll of identify for 22 gold pieces
 26400 | D:14     | Bought a scroll of identify for 22 gold pieces
 26558 | D:13     | Reached skill level 5 in Shields
 26633 | D:13     | Offered knowledge of Fulminant Prism by Vehumet.
 27617 | D:13     | Found a gate to the Vaults.
 28193 | D:14     | Identified the +7 lajatang "Vish" {spect, Int+5}
 28992 | D:15     | Entered Level 15 of the Dungeon
 29381 | D:15     | Found a broken altar of Ashenzari.
 29394 | D:15     | Reached XP level 16. HP: 100/122 MP: 17/31
 29825 | D:10     | You fall into a shaft and drop 2 floors!
 29874 | D:10     | Killed cordlesssteve's ghost
 30139 | D:12     | Noticed Nessos
 30142 | D:12     | You fall into a shaft and drop 2 floors!
 30576 | D:12     | Killed Nessos
 30840 | Orc:1    | Killed Fannar
 30954 | Orc:2    | Entered Level 2 of the Orcish Mines
 30954 | Orc:2    | Found Qutemef's General Store.
 30960 | Orc:2    | Reached skill level 1 in Staves
 31332 | Orc:2    | Found a frozen archway.
 31345 | IceCv    | Entered an ice cave
 31928 | IceCv    | Reached ****** piety under Vehumet
 32085 | IceCv    | Offered knowledge of Plasma Beam by Vehumet.
 32277 | IceCv    | Identified the staff "Cop Tas" {rC+ Will++ Ice}
 32286 | IceCv    | Identified the +10 quarterstaff of Domination {flame, Dex+4
                  | Stlth+}
 32305 | IceCv    | Learned a level 6 spell: Plasma Beam
 32618 | Orc:2    | Found a roughly hewn altar of Beogh.
 33001 | Orc:1    | Found a runed translucent door.
 33333 | Orc:2    | Found Ralon's Antique Armour Shoppe.
 33343 | Orc:2    | Found a staircase to the Elven Halls.
 33473 | Orc:2    | Found Iplih's Antique Weapon Emporium.
 33974 | Orc:2    | Found a runed translucent door.
 33977 | Orc:2    | Noticed smashvw's ghost (journeyman GrMo)
 34022 | Orc:2    | Bought a scroll of poison for 60 gold pieces
 34029 | Orc:2    | Found Viemiargh's Jewellery Shoppe.
 34061 | Orc:2    | Found Joetwagaumn's Firing Range.
 34072 | Orc:2    | Bought 2 throwing nets for 96 gold pieces
 34508 | Orc:2    | Bought a slimy scale mail for 297 gold pieces
 34508 | Orc:2    | Identified the +0 scale mail of Olut {rElec rPois} (You
                  | bought it in a shop on level 2 of the Orcish Mines)
 34508 | Orc:2    | Bought a runed ring mail for 231 gold pieces
 34753 | Orc:2    | Bought a +0 longbow for 104 gold pieces
 36002 | D:15     | Found Ipsiarurr's General Store.
 36258 | D:15     | Reached XP level 17. HP: 123/124 MP: 18/33
 36839 | D:15     | Found Soot Acikh's Assorted Antiques.
 36907 | D:15     | Found a staircase to the Depths.
 37179 | Depths:1 | Entered Level 1 of the Depths
 37332 | Depths:1 | Noticed a sphinx
 37581 | Swamp:1  | Entered Level 1 of the Swamp
 37850 | Lair:3   | You fall into a shaft and drop 2 floors!
 38311 | Lair:3   | You fall into a shaft and drop 2 floors!
 38764 | Lair:3   | You fall into a shaft and drop 1 floor!
 38924 | Lair:3   | Offered knowledge of Ozocubu's Refrigeration by Vehumet.
 39764 | Swamp:1  | Reached skill level 5 in Translocations
 41222 | Swamp:2  | Noticed a thorn hunter
 41407 | Swamp:2  | Killed a thorn hunter
 41722 | Swamp:2  | Learned a level 2 spell: Sublimation of Blood
 41810 | Swamp:2  | You are sucked into a shaft and drop 1 floor!
 41813 | Swamp:3  | You are sucked into a shaft and drop 1 floor!
 41813 | Swamp:4  | Entered Level 4 of the Swamp
 41827 | Swamp:4  | Noticed a thorn hunter
 43632 | Swamp:3  | Reached skill level 1 in Necromancy
 44358 | Swamp:4  | Reached XP level 18. HP: 125/126 MP: 23/34
 46741 | Swamp:4  | Reached skill level 10 in Stealth
 47226 | Swamp:4  | Reached skill level 5 in Staves
 47542 | Swamp:4  | Identified the +0 spear "Tofruk" {flame, *Rage rC- rN++
                  | SInv}
 47543 | Swamp:4  | Got a decaying rune of Zot
 47581 | Swamp:4  | Offered knowledge of Eringya's Noxious Bog by Vehumet.
 48333 | D:3      | Bought a scroll of poison for 48 gold pieces
 48333 | D:3      | Bought a scroll of enchant armour for 90 gold pieces
 48333 | D:3      | Bought a potion of enlightenment for 60 gold pieces
 48520 | Orc:2    | Bought a scroll of amnesia for 60 gold pieces
 48520 | Orc:2    | Bought a scroll of enchant armour for 112 gold pieces
 48612 | D:14     | Bought a scroll of enchant armour for 82 gold pieces
 48728 | Vaults:1 | Entered Level 1 of the Vaults
 48736 | Vaults:1 | Found a flickering gateway to a bazaar.
 48777 | Vaults:1 | Reached skill level 10 in Fire Magic
 48804 | Bazaar   | Entered a bazaar
 48807 | Bazaar   | Found Luupt's Antique Armour Shoppe.
 48925 | Bazaar   | Found Kirymeha's General Store.
 48933 | Bazaar   | Found Sylated's Armour Shop.
 48941 | Bazaar   | Found Liopifam's Antique Armour Emporium.
 48980 | Bazaar   | Bought a faintly humming ring mail for 243 gold pieces
 48980 | Bazaar   | Identified the +2 ring mail of Mirth {rPois} (You bought it
                  | in a shop in a bazaar)
 49010 | Bazaar   | Bought a scroll of enchant armour for 75 gold pieces
 49024 | Bazaar   | Bought a pair of boots for 63 gold pieces
 49029 | Bazaar   | Bought a runed scarf for 112 gold pieces
 49040 | Bazaar   | Bought a +2 cloak of poison resistance for 240 gold pieces
 49647 | Vaults:2 | Found a staircase to the Crypt.
 50245 | Vaults:2 | Reached XP level 19. HP: 129/142 MP: 7/35
 50996 | Vaults:1 | Offered knowledge of Starburst by Vehumet.
 51060 | Vaults:1 | Found Denu's Armour Boutique.
 52168 | Vaults:1 | Reached skill level 5 in Necromancy
 52200 | Vaults:1 | Reached skill level 10 in Armour
 52415 | Vaults:1 | Reached skill level 5 in Air Magic
 53624 | Vaults:1 | Identified the +9 flail of Causality {heavy, rElec Str+4}
 53818 | Vaults:3 | Offered knowledge of Lehudib's Crystal Spear by Vehumet.
 54380 | Vaults:2 | You are sucked into a shaft and drop 1 floor!
 55047 | Vaults:2 | Reached XP level 20. HP: 150/150 MP: 30/37
 55055 | Vaults:2 | Noticed Norris
 55350 | Vaults:2 | Noticed a hellephant
 55378 | Vaults:2 | Killed a hellephant
 55666 | Vaults:2 | Noticed Margery
 55670 | Vaults:2 | Killed Margery
 56300 | Vaults:2 | Found a radiant altar of Vehumet.
 56318 | Vaults:2 | Identified the +0 hat "Xeejaet" {rF- Dex+3}
 56814 | Vaults:2 | Noticed Sojobo
 56894 | Vaults:2 | Killed Norris
 57154 | Vaults:2 | Killed Sojobo
 59855 | Vaults:3 | Reached XP level 21. HP: 158/158 MP: 12/38
 61875 | Vaults:3 | Offered knowledge of Fire Storm by Vehumet.
 61875 | Vaults:3 | Offered knowledge of Shatter by Vehumet.
 61875 | Vaults:3 | Offered knowledge of Chain Lightning by Vehumet.
 62587 | Vaults:3 | Reached skill level 10 in Shields
 62920 | Vaults:3 | Got Tauw's Papyrus of Blistering Combat Magic
 62940 | Vaults:3 | Learned a level 4 spell: Olgreb's Toxic Radiance
 63431 | Vaults:5 | Entered Level 5 of the Vaults
 63593 | Vaults:4 | Identified the +3 sling of the Endless Places {elec, rPois
                  | rF+ rN+}
 66086 | Spider:1 | Entered Level 1 of the Spider Nest
 66340 | Spider:1 | Reached XP level 22. HP: 124/159 MP: 27/40
 66590 | Spider:1 | Noticed Roxanne
 66728 | Spider:1 | Identified the +8 broad axe of Checks and Balances {flame,
                  | Stlth+}
 66960 | Spider:1 | Noticed Rupert
 66964 | Spider:1 | Killed Rupert
 67799 | Spider:1 | Killed Roxanne
 68322 | Spider:2 | Noticed Arachne
 68676 | Spider:2 | Noticed Azrael
 69205 | D:3      | Bought a ring of willpower for 275 gold pieces
 69205 | D:3      | Bought the amulet "Ziwaon" {Reflect rC+ SH+5} for 484 gold
                  | pieces
 69450 | Elf:1    | Entered Level 1 of the Elven Halls
 70107 | Elf:2    | Identified the serpent talisman of Gozag's Generosity
                  | {SInv}
 70107 | Elf:2    | Noticed Aizul
 70113 | Elf:2    | Killed Aizul
 70580 | Elf:2    | Found a shimmering blue altar of Sif Muna.
 70609 | Elf:3    | Entered Level 3 of the Elven Halls
 71604 | Elf:1    | You fall into a shaft and drop 1 floor!
 71622 | Elf:2    | Reached skill level 10 in Staves
 71637 | Elf:2    | HP: 7/168 [deep elf pyromancer/bolt of fire (7)]
 71637 | Elf:2    | Killed from afar by a deep elf pyromancer

Illustrated notes

Levels and vault maps discovered:
D:1:      psy_arrival_whirlpool, layout_loops_corners
D:2:      layout_loops_ring, hellmonk_ecumenical_altar_watching_god,
          basic_altar, corexii_corridor_pit, nicolae_elevator_lobby_plus
D:3:      layout_loops_corners, grunt_gozag_breadcrumbs,
          mainiacjoe_overflow_divided_tiny, serial_shops,
          nicolae_shop_tiny_real_fake_doors, nicolae_shop_hallway_stairs, shop,
          nicolae_shop_rolling_square, minmay_checkerbox, uniq_sigmund
D:4:      layout_basic, minmay_temple_entry_glass, serial_aquarium,
          aquarium_bridge_square [aquarium_subvault_window,
          aquarium_subvault_wall, aquarium_subvault_window,
          aquarium_subvault_bridge], aquarium_window_corner,
          aquarium_window_fake, aquarium_window_corner, aquarium_window_2,
          aquarium_view_2e, aquarium_pool_1, gup_sewer_entry_bubbles,
          uniq_duvessa
D:5:      layout_rooms, lightli_temple_of_fire, uniq_pikel, uniq_grinder
D:6:      layout_loops_ring, grunt_qazlal_clouds, general_overflow_altar,
          mainiacjoe_overflow_six_doors_small, hangedman_decor_opposing,
          nicolae_shop_i_like_small_books_too
D:7:      layout_rooms, hellmonk_sif_muna_bookshelves
D:8:      layout_loops_corners, lemuel_zombie_altar_yredelemnul
D:9:      kennysheep_spiral_hall, layout_basic
D:10:     layout_basic, mainiacjoe_overflow_24_doors,
          nicolae_kikubaaqudgha_miasma_corner, mainiacjoe_overflow_catwalk,
          lair_entry_dummy, enter_bailey_2, ebering_ghost_disaster_area,
          st_stairs_3
D:11:     layout_rooms, lightli_wizard_tower
D:12:     layout_roguey, uniq_kirke, uniq_nessos
D:13:     layout_roguey, grunt_vaults_entry_tiered
D:14:     layout_irregular_city, serial_shops, nicolae_shop_hallway_stairs,
          grunt_decor_junction
D:15:     hangedman_depths_entry_civil_slaughter, layout_rooms,
          serial_co_window_serial, co_window_corner_a, co_window_corner_a,
          co_window_paths_b, co_window_of_opportunity_a, co_window_corner_a,
          co_window_of_opportunity_b, co_window_unsneaky_path_e,
          co_window_of_opportunity_b, co_window_cross_3,
          co_window_of_opportunity_b, co_window_4corner_a, glass_columns_b,
          serial_shops, nicolae_shop_statue_plus, nicolae_shop_tiny_glass,
          st_stairs_12, evilmike_ruin_ashenzari
Temple:   dpeg_chambers_temple
Lair:1:   layout_regular_city, minmay_stone_trees_small, uniq_jeremiah
Lair:2:   layout_hall_layers, serial_bayou_pond_b, grunt_megastairs_3
Lair:3:   gammafunk_cloud_chamber, layout_cave_pods, skrybe_swamp_entry_bodies,
          dummy_spider_entry, kilobyte_rumbling_trees, lemuel_fruit_fields
Lair:4:   layout_hall_layers, hangedman_lair_unloving_vines
Lair:5:   due_jungle_book, layout_misc_corridors, slime_entry_1,
          chequers_serial_rivers_marsh, worms_lemuel, serial_bayou_shore_b
Swamp:1:  layout_basic_swamp, hangedman_swamp_ruin_wall, swamp_pool_1_2,
          st_shrine_of_shade
Swamp:2:  layout_falls_marsh, evilmike_swamp_ruin_house_3, swamp_pool_1_2,
          nicolae_swamp_tree_isthmus, infiniplex_staircase_pool
Swamp:3:  layout_falls_marsh, evilmike_swamp_ruin_house_2
Swamp:4:  swamp_basic_johnstein, layout_basic_swamp
Spider:1: layout_chambers, uniq_rupert, uniq_roxanne
Spider:2: layout_spider_delve, nicolae_arachne_temple, uniq_louise, uniq_azrael
Orc:1:    dreamdust_dug_too_deep, layout_diamond_mine, uniq_fannar
Orc:2:    grunt_orc_gardens, layout_diamond_mine, grunt_orc_garden,
          grunt_orc_garden, grunt_orc_garden, grunt_orc_garden, basic_altar,
          gammafunk_ghost_grave, portal_ice_cave_entry_imps,
          nicolae_orc_stony_grotto, regret_index_minedec_guest_junction,
          nicolae_shop_firing_range
Elf:1:    elf_arrival_002, layout_geoelf_grid, serial_shops,
          nicolae_shop_rolled_up, shop, nicolae_shop_drivethru,
          nicolae_elf_blasts_and_bolts, st_stairs_5, lemuel_statue_altar
Elf:2:    elven_hall_of_blades_hangedman_original
          [nicolae_blade_entry_floor_patterns], layout_rooms, basic_altar,
          uniq_aizul
Elf:3:    minmay_elf_hall_quartered_circle, layout_geoelf_castle,
          nicolae_elf_deep_friendship
Vaults:1: v_misc_1, vaults_mumra_minichess, hangedman_vaults_locks,
          nicolae_vaults_three_branches, nicolae_vaults_apartment_2,
          nicolae_vaults_octothorpe, nicolae_vaults_big_ls,
          nicolae_vaults_trapezoid_lopsided_1,
          nicolae_vaults_taking_the_gang_shopping, v_misc_16,
          nicolae_vaults_offset_grid_hallway_3, vaults_room_fancy_cross,
          layout_vaults_maze_snakey, serial_shops, bzr_in_the_mist
Vaults:2: portal_desolation_entry_nicolae_nacl, minmay_crypt_entry_simple_round,
          grunt_tower_of_power, nicolae_vaults_storage_room_doors, v_misc_24,
          vaults_room_octagon, vaults_room_pool, nicolae_vaults_tetromino_T_2,
          ontoclasm_vaults_hangar, ontoclasm_vaults_ring_square,
          lightli_orcish_oven, ontoclasm_vaults_eye, vaults_dpeg_spiral,
          nicolae_vaults_stepped_doors, layout_vaults_omnibox, uniq_norris,
          uniq_sojobo, uniq_margery
Vaults:3: hangedman_vaults_stagger, nicolae_vaults_ellipses_ellipsis,
          v_alt_pattern_3, nicolae_vaults_door_testing_chamber,
          nicolae_vaults_library_corner, vaults_room_fancy_cross,
          nicolae_vaults_double_plus_3, v_misc_9, v_misc_32,
          nicolae_vaults_more_shelving_2, ontoclasm_vaults_decontamination,
          layout_vaults_omnicross
Vaults:4: ontoclasm_vaults_fault, ontoclasm_vaults_pinch, st_smaller_cells,
          nicolae_vaults_little_ls, nicolae_vaults_frosty_reception,
          nicolae_vaults_network_square, vaults_dpeg_diagonal, v_pattern_2,
          nicolae_vaults_heist, vaults_dpeg_hooks,
          nicolae_vaults_storage_closets_1, v_misc_27,
          ontoclasm_vaults_ligature, ontoclasm_vaults_bender,
          grunt_vaults_hallway_long, layout_vaults_ring
Vaults:5
Depths:1: layout_gridlike, hellmouth_2, corexii_leaking_fountain,
          xom_confusion_cloud

Skill      XL: |  1  2  3  4  5  6  7  8  9 10 11 12 13 14 15 16 17 18 19 20 21 22 |
---------------+-------------------------------------------------------------------+-----
Spellcasting   | 1 2 3 4 5 7 9 11 12 13 14 | 14.5
Armour         | 1 2 3 4 5 6 7 8 9 10 11 12 | 12.4
Dodging        | 2 3 4 5 6 |  6.8
Ranged Weapons | 1 2 3 4 5 6 7 8 |  8.0
Fighting       | 4 5 6 7 9 10 11 12 | 12.9
Evocations     | 1 2 3 5 6 7 8 10 11 12 13 14 | 14.0
Short Blades   | 1 2 |  2.0
Fire Magic     | 4 5 6 7 8 9 10 11 12 13 | 13.0
Alchemy        | 5 7 8 |  8.0
Translocations | 1 2 3 4 5 6 7 8 |  8.0
Air Magic      | 1 2 3 4 5 6 |  6.5
Conjurations   | 2 5 7 9 11 12 13 14 | 14.4
Shields        | 2 6 7 9 10 11 | 11.4
Stealth        | 7 8 9 10 11 12 | 12.0
Staves         | 3 4 5 6 7 8 10 | 10.0
Necromancy     | 1 4 6 7 8 |  8.0
Maces & Flails | |  2.0

Action                     |  1- 3 |  4- 6 |  7- 9 | 10-12 | 13-15 | 16-18 | 19-21 | 22-24 || total
---------------------------+-------+-------+-------+-------+-------+-------+-------+-------++-------
  Melee: Mace              |    21 |       |       |       |       |       |       |       ||    21
         Rapier            |       |    14 |    47 |       |       |       |       |       ||    61
         Whip              |       |       |     7 |    10 |       |       |       |       ||    17
         Hand axe          |       |       |    23 |     3 |       |       |       |       ||    26
         Long sword        |       |       |       |    25 |       |       |       |       ||    25
         Lajatang          |       |       |       |       |       |   147 |   382 |    27 ||   556
         Unarmed           |       |       |       |       |       |       |     6 |       ||     6
   Fire: Sling             |    13 |   121 |   160 |   549 |   663 |   203 |   160 |    23 ||  1892
         Arbalest          |       |       |       |       |       |       |    18 |   106 ||   124
         Longbow           |       |       |       |       |       |       |     1 |       ||     1
  Throw: Dart              |       |       |       |       |     1 |     3 |    10 |       ||    14
   Cast: Sticky Flame      |       |       |       |    87 |   165 |    74 |   111 |    18 ||   455
         Apportation       |       |       |       |    40 |     9 |     3 |     7 |     6 ||    65
         Mephitic Cloud    |       |       |       |    10 |    43 |     7 |    51 |       ||   111
         Fireball          |       |       |       |       |    73 |   205 |   107 |    15 ||   400
         Orb of Destructio |       |       |       |       |    78 |   227 |   186 |    30 ||   521
         Iskenderun's Myst |       |       |       |       |    17 |    49 |    49 |    32 ||   147
         Ignite Poison     |       |       |       |       |     3 |     2 |     8 |    59 ||    72
         Mercury Vapours   |       |       |       |       |       |     1 |     2 |       ||     3
         Plasma Beam       |       |       |       |       |       |     1 |     8 |     9 ||    18
         Sublimation of Bl |       |       |       |       |       |    99 |    55 |    13 ||   167
         Olgreb's Toxic Ra |       |       |       |       |       |       |     7 |    46 ||    53
Ability: Dig               |       |     1 |       |     9 |     4 |     2 |     2 |     3 ||    21
         Shaft Self        |       |       |     2 |     6 |     1 |     7 |     1 |     1 ||    18
         Evoke Invisibilit |       |       |       |     3 |       |     6 |     1 |       ||    10
  Evoke: Wand              |     2 |       |     7 |    16 |     2 |     6 |     7 |       ||    40
         Condenser vane    |       |       |       |     2 |     1 |       |     1 |       ||     4
         Phial of floods   |       |       |       |       |       |       |       |     1 ||     1
         Sack of spiders   |       |       |       |       |       |       |       |     1 ||     1
    Use: Scroll            |     1 |     2 |     3 |    12 |     7 |    18 |     8 |     3 ||    54
         Potion            |       |       |     2 |     5 |     3 |     6 |     5 |     5 ||    26
   Stab: Sleeping          |     1 |     1 |       |       |       |       |     1 |       ||     3
         Distracted        |       |       |     1 |       |       |     1 |    10 |       ||    12
         Invisible         |       |       |       |       |       |     2 |       |       ||     2
         Confused          |       |       |       |       |       |     1 |    17 |       ||    18
 Armour: Leather armour    |    18 |       |       |       |       |   134 |       |       ||   152
         Ring mail         |       |    33 |    45 |   167 |   220 |       |       |       ||   465
         Scale mail        |       |       |       |       |    67 |    50 |       |       ||   117
         Swamp dragon scal |       |       |       |       |       |    49 |   410 |   127 ||   586
         Skin              |       |       |       |       |       |       |     2 |       ||     2
  Dodge: Dodged            |    20 |    37 |    89 |   277 |   330 |   303 |   419 |    87 ||  1562
  Block: Buckler           |       |       |       |       |       |    49 |   201 |    75 ||   325
         Reflection        |       |       |       |       |       |     4 |       |    10 ||    14

Table legend: (Time is in decaauts)
 A = Elapsed time spent in this place.
 B = Non-inter-level travel time spent in this place.
 C = Inter-level travel time spent in this place.
 D = Time resting spent in this place.
 E = Time spent auto-exploring this place.
 F = Levels seen in this place.
 G = Mean time per level.
                   A        B        C        D        E       F      G
               +--------+--------+--------+--------+--------+-----+--------+
         Total |  72492 |  65572 |   6920 |  28864 |  15948 |  41 | 1768.1 |
       Dungeon |  22595 |  19159 |   3436 |   5704 |   7638 |  15 | 1506.3 |
        Temple |     54 |      1 |     53 |      0 |      0 |   1 |   54.0 |
          Lair |  14348 |  12588 |   1760 |   6037 |   2200 |   5 | 2869.6 |
         Swamp |   9080 |   8723 |    357 |   5198 |   1207 |   4 | 2270.0 |
   Spider Nest |   2805 |   2618 |    187 |   1083 |    951 |   2 | 1402.5 |
  Orcish Mines |   2813 |   2347 |    466 |    835 |    921 |   2 | 1406.5 |
   Elven Halls |   2168 |   2168 |      0 |   1006 |    466 |   3 |  722.7 |
        Vaults |  16304 |  15688 |    616 |   8334 |   2240 |   5 | 3260.8 |
        Depths |    210 |    167 |     43 |     49 |     48 |   1 |  210.0 |
        Bazaar |    256 |    256 |      0 |      0 |    142 |   1 |  256.0 |
        Bailey |    578 |    578 |      0 |     31 |      0 |   1 |  578.0 |
      Ice Cave |   1276 |   1276 |      0 |    586 |    133 |   1 | 1276.0 |
               +--------+--------+--------+--------+--------+-----+--------+

Top non-repeatable levels by time:
Vaults:3: 4660 daAuts
Vaults:1: 4592 daAuts
  Lair:3: 4095 daAuts
Vaults:2: 3620 daAuts
 Swamp:4: 3453 daAuts
  Lair:5: 3451 daAuts
Vaults:4: 3428 daAuts
  Lair:4: 3146 daAuts
    D:14: 2830 daAuts
    D:13: 2533 daAuts
    D:10: 2440 daAuts
Spider:1: 2393 daAuts
 Swamp:1: 2187 daAuts
 Swamp:2: 2117 daAuts
  Lair:2: 1915 daAuts
